 Dungeon Crawl Stone Soup version 0.19.5 (webtiles) character file.

134 epen the Insei (level 4, 0/33 HPs)
             Began as a Demonspawn Transmuter on July 29, 2017.
             Slain by a sky beast (5 damage)
             ... on level 3 of the Dungeon.
             The game lasted 00:05:10 (2652 turns).

epen the Insei (Demonspawn Transmuter)              Turns: 2652, Time: 00:05:11

Health: 0/33       AC:  2    Str: 11    XL:     4   Next: 95%
Magic:  1/7        EV: 20    Int: 12    God:
Gold:   170        SH:  0    Dex: 19    Spells: 2 memorised, 2 levels left

rFire  . . .     SeeInvis .       - Unarmed
rCold  . . .     Gourm    .     (armour currently unavailable)
rNeg   . . .     Faith    .     (shield currently unavailable)
rPois  x         Spirit   .     (helmet currently unavailable)
rElec  .         Reflect  .     (cloak currently unavailable)
rCorr  .         Harm     .     (gloves currently unavailable)
MR     +....                    (boots currently unavailable)
Stlth  ++........               (no amulet)
                                (no ring)
                                o - ring of protection from magic

@: spider-form (expiring), very slightly contaminated
A: (horns 0), (talons 0), dopey 1, powered by death 1, wild magic 1, (sturdy
frame 0)
a: End Transformation


You were on level 3 of the Dungeon.
You were not hungry.
You were a venomous arachnid creature.
You visited 1 branch of the dungeon, and saw 3 of its levels.

You collected 170 gold pieces.

Inventory:

Missiles
 a - 109 arrows
Armour
 b - a +0 robe (melded)
 g - a +0 ring mail
 t - a +0 cloak (melded)
 v - a +0 helmet
Jewellery
 o - a ring of protection from magic (left front leg)
Scrolls
 e - a scroll of remove curse
Potions
 i - a potion of might {unknown}
 j - a potion of flight {unknown}
 l - a potion of berserk rage
 m - 3 potions of brilliance
 n - a potion of cancellation {unknown}
 q - a potion of lignification {unknown}
 r - a potion of heal wounds {unknown}
 s - a potion of curing
Books
 c - a book of Changes

   Spells                             Type                      Level
   a - Beastly Appendage              Transmutation                1
   b - Sticks to Snakes               Transmutation                2
   c - Spider Form                    Transmutation/Poison         3
   d - Ice Form                       Ice/Transmutation            4
   e - Blade Hands                    Transmutation                5
Comestibles
 d - 2 bread rations
 f - a royal jelly
 h - a chunk of flesh
 k - a meat ration
 p - 4 fruits


   Skills:
 + Level 2.0 Fighting
 + Level 2.5 Dodging
 * Level 3.8 Unarmed Combat
 + Level 2.2 Spellcasting
 + Level 2.5 Transmutations


You had 2 spell levels left.
You knew the following spells:

 Your Spells              Type           Power        Failure   Level  Hunger
a - Spider Form           Tmut/Pois      #.........   83%         3    ####...
b - Sticks to Snakes      Tmut           #.......     41%         2    ###....


Dungeon Overview and Level Annotations

Branches:
Dungeon (3/15)

Altars:
Hepliaklqana
Nemelex Xobeh


Innate Abilities, Weirdness & Mutations

You regenerate a little health from kills.
((Your movements are slightly less encumbered by armour. (ER -2)))
((You have a pair of small horns on your head.))
((You have sharp toenails.))
You are dopey. (Int -2)
Your spells are a little harder to cast, but a little more powerful.


Message History

The jackal bites you.
Unknown command.
Casting: Spider Form
Confirm with . or Enter, or press ? or * to list all spells.
You turn into a venomous arachnid creature.
Your +0 cloak melds into your body.
Your +0 robe melds into your body.
Your transformation is almost over.
The jackal completely misses you.
You hit the jackal.
You kill the jackal!
You barely miss something. Something hits you. Something shocks you.
Unknown command.
You barely miss something. Something hits you. Something shocks you.
* * * LOW HITPOINT WARNING * * *
You are too injured to fight recklessly!
You are too injured to fight recklessly!
You bite something! Something hits you.
* * * LOW HITPOINT WARNING * * *
Something shocks you.
You die...

#..#
#.##<##.##......
#..# ####
#.##.##.##.#.###
#... ....
#.##.##.# # #....
#.##.# o.#.###
.....# #.##.#
....... ......#
#.##.# o.#####
.⌠.....## #.##..
#
_.......####.##..
# .⌠!....Kh{s..#
# .....[..######
. ##...$.## #
#....# # #.#K#
#... ###


You could see a jackal and a kobold.

Vanquished Creatures
  A worker ant (D:3)
  An adder (D:3)
  2 oozes (D:1)
  2 worms (D:2)
  A dart slug (D:3)
  3 leopard geckos
  5 bats
  3 giant cockroaches
  5 goblins
  6 hobgoblins
  8 jackals
  10 kobolds
  3 ball pythons
  3 frilled lizards
  3 rats
56 creatures vanquished.

Vanquished Creatures (collateral kills)
  Terence (D:2)
1 creature vanquished.

Grand Total: 57 creatures vanquished

Notes
Turn   | Place    | Note
-------+----------+-------------------------------------------
     0 | D:1      | epen the Demonspawn Transmuter began the quest for the Orb.
     0 | D:1      | Reached XP level 1. HP: 15/15 MP: 3/3
   128 | D:1      | Reached skill level 3 in Unarmed Combat
   128 | D:1      | Gained mutation: Your movements are slightly less encumbered by armour. (ER -2) [demonic ancestry]
   128 | D:1      | Reached XP level 2. HP: 10/21 MP: 3/5
   286 | D:1      | Learned a level 2 spell: Sticks to Snakes
   488 | D:1      | Gained mutation: You regenerate a little health from kills. [demonic ancestry]
   488 | D:1      | Reached XP level 3. HP: 18/26 MP: 4/6
  1330 | D:2      | Noticed Terence
  1365 | D:2      | Killed Terence
  1365 | D:2      | Reached XP level 4. HP: 8/32 MP: 1/7
  2023 | D:2      | Found a hazy altar of Hepliaklqana.
  2184 | D:2      | Gained mutation: Your spells are a little harder to cast, but a little more powerful. [potion of mutation]
  2184 | D:2      | Gained mutation: You have a pair of small horns on your head. [potion of mutation]
  2184 | D:2      | Gained mutation: You are dopey. (Int -2) [potion of mutation]
  2185 | D:2      | Gained mutation: You are weak. (Str -2) [potion of mutation]
  2185 | D:2      | Gained mutation: You have sharp toenails. [potion of mutation]
  2185 | D:2      | Lost mutation: You are weak. (Str -2) [potion of mutation]
  2215 | D:3      | Learned a level 3 spell: Spider Form
  2640 | D:3      | Noticed a sky beast
  2642 | D:3      | Found a sparkling altar of Nemelex Xobeh.
  2652 | D:3      | Slain by a sky beast

Skill      XL: |  1  2  3  4 |
---------------+-------------+-----
Dodging        | 2 |  2.5
Unarmed Combat | 3 |  3.8
Transmutations | 2 |  2.5
Fighting       | 2 |  2.0
Spellcasting   | |  2.2

Action                   |  1- 3 |  4- 6 || total
-------------------------+-------+-------++-------
Melee: Unarmed           |   152 |   108 ||   260
       Headbutt          |     3 |     8 ||    11
       Kick              |    12 |     7 ||    19
       Punch             |     2 |       ||     2
 Cast: Beastly Appendage |     6 |     1 ||     7
       Sticks to Snakes  |     1 |       ||     1
       Spider Form       |       |     1 ||     1
  Use: Scroll            |       |     9 ||     9
       Potion            |       |     2 ||     2
  Eat: Chunk             |     2 |     4 ||     6
Armor: Robe              |    25 |     4 ||    29
       Ring mail         |    12 |    13 ||    25
Dodge: Dodged            |   107 |    62 ||   169
